[Event "ICC tourney 3048 (40 10)"]
[Site "Internet Chess Club"]
[Date "2022.11.05"]
[Round "5"]
[White "Romanyuk, Nikita:NikitaR"]
[Black "NANDURBARKAR, ANSH S:anandurbarkar"]
[Result "0-1"]
[ICCResult "White checkmated"]
[WhiteElo "1125"]
[BlackElo "1062"]
[Opening "Scotch game"]
[ECO "C45"]
[NIC "SO.05"]
[Time "20:01:51"]
[PlyCount "152"]
[TimeControl "2400+10"]

1. e4 e5 2. Nf3 Nc6 3. d4 exd4 4. Nxd4 Bc5 5. Be3 Bb6 6. Nc3 Nf6 7. Bc4 Nxd4
8. Bxd4 O-O 9. O-O d6 10. Re1 Re8 11. Bxb6 axb6 12. Qf3 Bg4 13. Qg3 c6 14.
h3 Be6 15. Bxe6 fxe6 16. Rad1 e5 17. Qe3 b5 18. a3 Qc7 19. Rd3 Rad8 20. Red1
Re7 21. b4 Red7 22. g4 d5 23. Qe1 d4 24. Nb1 b6 25. c3 c5 26. Kg2 c4 27.
R3d2 d3 28. f3 Rf8 29. Rf2 Ne8 30. Nd2 Qa7 31. Nb1 Nc7 32. Qe3 Ne6 33. Qd2
Nf4+ 34. Kg3 Qa4 35. Rh1 Ne2+ 36. Rxe2 dxe2 37. Qxd7 Qc2 38. Qd2 Qxd2 39.
Nxd2 Rd8 40. Kf2 Rxd2 41. Re1 Ra2 42. Rxe2 Rxa3 43. Re3 Kf7 44. Kg3 g5 45.
h4 gxh4+ 46. Kxh4 Ra8 47. Kg5 Rd8 48. Kf5 Rd3 49. Re1 Rxf3+ 50. Kxe5 Rxc3
51. Rf1+ Kg6 52. Rf6+ Kg5 53. Rxb6 Kxg4 54. Rh6 Rb3 55. Rxh7 Rxb4 56. Rg7+
Kf3 57. Kd5 c3 58. e5 c2 59. Rf7+ Ke3 60. Rf1 Rb1 61. Rxb1 cxb1=Q 62. e6
Qf5+ 63. Kd6 b4 64. e7 Qf6+ 65. Kd7 Qxe7+ 66. Kxe7 b3 67. Kd6 b2 68. Kc5
b1=Q 69. Kc6 Qd3 70. Kc7 Qd5 71. Kb6 Kd4 72. Kc7 Kc5 73. Kb8 Kb6 74. Kc8 Qf7
75. Kd8 Kc6 76. Kc8 Qc7# {White checkmated} 0-1